 Dungeon Crawl Stone Soup version 0.24-a0-585-g5c5dc1b5cb (webtiles) character file.

Game seed: 17304105689448791410, levelgen mode: deterministic

0 Destapler the Vexing (level 1, 0/9 HPs)
             Began as a Vine Stalker Arcane Marksman on Sept 7, 2019.
             Slain by a goblin
             ... wielding a +0 dagger
              (1 damage)
             ... on level 1 of the Dungeon.
             The game lasted 00:03:00 (330 turns).

Destapler the Vexing (Vine Stalker Arcane Marksman)  Turns: 330, Time: 00:03:00

Health: 0/9        AC:  2    Str: 12    XL:     1   Next: 10%
Magic:  0/3        EV: 12    Int: 13    God:
Gold:   0          SH:  0    Dex: 14    Spells: 1/2 levels left

rFire    . . .     SeeInvis .   (no weapon)
rCold    . . .     Gourm    .   (no shield)
rNeg     . . .     Faith    .   a - +0 robe
rPois    .         Spirit   +   (no helmet)
rElec    .         Reflect  .   (no cloak)
rCorr    .         Harm     .   (no gloves)
MR       .....                  (no boots)
Stlth    +.........             (no amulet)
HPRegen  0.03/turn              (no ring)
MPRegen  0.08/turn              (no ring)

@: no status effects
A: fangs 2, magic shield, antimagic bite, no potion heal 3, rot immunity
a: no special abilities


You were on level 1 of the Dungeon.
You were not hungry.

You visited 1 branch of the dungeon, and saw 1 of its levels.

Inventory:

Missiles
 c - 4 javelins (quivered)
 d - 2 throwing nets
Armour
 a - a +0 robe (worn)
Scrolls
 b - a scroll of identify {unknown}
Comestibles
 f - a ration


   Skills:
 + Level 0.8 Fighting
 + Level 1.8 Throwing
 + Level 1.5 Dodging
 + Level 1.1 Spellcasting
 + Level 3.0 Hexes


You had one spell level left.
You knew the following spells:

 Your Spells              Type           Power        Failure   Level  Hunger
a - Corona                Hex            #......      9%          1    ##.....

Your spell library contained the following spells:

 Spells                   Type           Power        Failure   Level  Hunger
 Slow                     Hex            #.......     12%         2    ###....
 Inner Flame              Hex/Fire       #.......     41%         3    ####...
 Portal Projectile        Hex/Tloc       #.....       41%         3    ####...
 Cause Fear               Hex            #.........   63%         4    #####..
 Leda's Liquefaction      Hex/Erth       #.........   83%         4    #####..


Dungeon Overview and Level Annotations

Branches:
Dungeon (1/15)

Altars:


Innate Abilities, Weirdness & Mutations

You have extremely sharp teeth.
When hurt, damage is shared between your health and your magic reserves.
Your bite disrupts and absorbs the magic of your enemies.
Potions cannot restore your health.
You are immune to rotting.


Message History

The giant cockroach bites you.
* * * LOW HITPOINT WARNING * * *
You see here a hunting sling.
The giant cockroach misses you.
You open the door. The giant cockroach bites you.
* * * LOW HITPOINT WARNING * * *
The giant cockroach closely misses you.
There is an open door here.
You open the door. The kobold closely misses you.
A hobgoblin comes into view. It is wielding a +0 club.
The hobgoblin shouts!
There is an open door here.
A frilled lizard comes into view.
The hobgoblin hits you with a +0 club.
The frilled lizard hisses angrily.
A goblin comes into view. It is wielding a +0 dagger.
The goblin shouts!
The goblin hits you but does no damage. The goblin hits you with a +0 dagger.
You die...

.....##+##
#...........#
###..#
##..........#
#..#
#..g.......#
#..#
##+#g......#
#..#
#s......#
#..#
#l#######
###..##.#
#.######
........#
#Kg....#
#.#.#####
#@####.#
#g#.# #.#
#.#.# #..
#g#.# ###.
#g#.# .#
#.#.# # #.#.#
..# ###


You could see a giant cockroach, 2 hobgoblins, a goblin, a kobold and a frilled
lizard.

Vanquished Creatures
  A frilled lizard (D:1)
1 creature vanquished.

Notes
Turn   | Place    | Note
-------+----------+-------------------------------------------
     0 | D:1      | Destapler the Vine Stalker Arcane Marksman began the quest
                  | for the Orb.
     0 | D:1      | Reached XP level 1. HP: 9/9 MP: 3/3
   330 | D:1      | Slain by a goblin

Levels and vault maps discovered:
D:1:      elethiomel_arrival_infinity_welcomes_careful_drivers, layout_basic

Action                   || total
-------------------------++-------
Melee: Unarmed           ||     3
Throw: Javelin           ||     1
Armor: Robe              ||    14
Dodge: Dodged            ||    31

Table legend:
 A = Non-vault XP
 B = Vault XP
 C = Vault XP percentage of total XP
 D = Non-vault monster count
 E = Vault monster count
 F = Vault count percentage of total count
                 A         B        C        D         E       F
            +---------+---------+-------+---------+---------+-------
      Total |       1 |       0 |   0.0 |       1 |       0 |   0.0
            +---------+---------+-------+---------+---------+-------
        D:1 |       1 |       0 |   0.0 |       1 |       0 |   0.0
            +---------+---------+-------+---------+---------+-------
